 Dungeon Crawl Stone Soup version 0.23-a0-378-gd7a6ca6 (webtiles) character file.

40 MisterFreud the Sneak (level 3, -1/28 HPs)
             Began as a Naga Ice Elementalist on Oct 27, 2018.
             Slain by a bullfrog skeleton (3 damage)
             ... on level 2 of the Dungeon.
             The game lasted 00:07:12 (1142 turns).

MisterFreud the Sneak (Naga Ice Elementalist)       Turns: 1142, Time: 00:07:13

Health: -1/28      AC:  8    Str: 10    XL:     3   Next: 50%
Magic:  1/6        EV: 10    Int: 21    God:
Gold:   40         SH:  0    Dex: 11    Spells: 0/6 levels left

rFire    . . .     SeeInvis +   a - +0 spear
rCold    . . .     Gourm    .   (no shield)
rNeg     . . .     Faith    .   j - +0 robe
rPois    +         Spirit   .   (no helmet)
rElec    .         Reflect  .   (no cloak)
rCorr    .         Harm     .   (no gloves)
MR       .....                  (no barding)
Stlth    +++.......             (no amulet)
HPRegen  0.09/turn              (no ring)
MPRegen  0.10/turn              (no ring)

@: brilliant, icy armour, very slow
A: large, see invisible, deformed body, poison resistance, slowness 2, slow
metabolism 1, spit poison 1, AC +1
a: Spit Poison


You were on level 2 of the Dungeon.
You were not hungry.

You visited 1 branch of the dungeon, and saw 2 of its levels.

You collected 40 gold pieces.

Inventory:

Hand Weapons
 a - a +0 spear (weapon)
Missiles
 g - 16 sling bullets
 h - 21 stones (quivered)
Armour
 b - a +3 leather armour
 j - a +0 robe (worn)
Scrolls
 e - 3 scrolls of identify
 i - a scroll of immolation
Comestibles
 c - 2 rations
 f - 2 chunks of flesh


   Skills:
 - Level 1.5 Dodging
 - Level 6.0 Stealth
 - Level 2.0 Spellcasting
 - Level 1.0 Conjurations
 + Level 0.0 Charms
 + Level 3.0 Ice Magic


You couldn't memorise any spells.
You knew the following spells:

 Your Spells              Type           Power        Failure   Level  Hunger
a - Freeze                Ice            ####         1%          1    #......
b - Throw Frost           Conj/Ice       ###...       1%          2    ##.....
c - Ozocubu's Armour      Chrm/Ice       ###.....     3%          3    ###....

Your spell library contained the following spells:

 Spells                   Type           Power        Failure   Level  Hunger
 Throw Icicle             Conj/Ice       ###.....     8%          4    #####..
 Summon Ice Beast         Ice/Summ       ###.....     9%          4    #####..


Dungeon Overview and Level Annotations

Branches:
Dungeon (2/15)

Altars:
Ru


Innate Abilities, Weirdness & Mutations

You cannot wear boots.
Your serpentine skin is tough. (AC +1)
You have supernaturally acute eyesight. (SInv)
Armour fits poorly on your strangely shaped body.
Your system is resistant to poisons. (rPois)
You cover ground very slowly.
You have a slow metabolism.
You can spit poison.


Message History

The bullfrog skeleton completely misses you.
You hit the bullfrog skeleton.
The bullfrog skeleton is moderately damaged.
The bullfrog skeleton closely misses you.
You hit the bullfrog skeleton.
The bullfrog skeleton is heavily damaged.
The bullfrog skeleton hits you.
* * * LOW HITPOINT WARNING * * *
The bullfrog skeleton hits you.
* * * LOW HITPOINT WARNING * * *
You aren't carrying any potions.
Unknown command.
You hit the bullfrog skeleton.
The bullfrog skeleton is severely damaged.
The bullfrog skeleton hits you but does no damage.
You barely miss the bullfrog skeleton.
The bullfrog skeleton is severely damaged.
The bullfrog skeleton hits you but does no damage.
The bullfrog skeleton hits you.
You die...

.. ♣.♣ .# #
♣..♣♣ .# .
♣..P♣ .#.#
..P♣♣.#.#
..♣....#
♣Z#...##
#@..#..##..
##.........
##...........
#............
#............
#.)..........
##...........
##...#.......
###........#


You could see a bullfrog skeleton.

Vanquished Creatures
  An ooze (D:1)
  A dart slug (D:1)
  A leopard gecko (D:1)
  2 ball pythons (D:1)
  8 bats
  A giant cockroach (D:1)
  4 goblins
  4 hobgoblins (D:1)
  A jackal (D:2)
  2 frilled lizards (D:1)
  A kobold (D:1)
  4 rats (D:1)
30 creatures vanquished.

Notes
Turn   | Place    | Note
-------+----------+-------------------------------------------
     0 | D:1      | MisterFreud the Naga Ice Elementalist began the quest for
                  | the Orb.
     0 | D:1      | Reached XP level 1. HP: 15/15 MP: 3/3
   113 | D:1      | Reached skill level 4 in Stealth
   164 | D:1      | Reached XP level 2. HP: 19/22 MP: 3/5
   451 | D:1      | Learned a level 2 spell: Throw Frost
   523 | D:1      | Reached skill level 5 in Stealth
   644 | D:1      | Reached XP level 3. HP: 28/28 MP: 2/6
   695 | D:1      | Learned a level 3 spell: Ozocubu's Armour
   970 | D:1      | Found a sacrificial altar of Ru.
  1128 | D:2      | Reached skill level 6 in Stealth
  1142 | D:2      | Slain by a bullfrog skeleton

Vault maps used:
D:1:      dpeg_arrival_water_altar
D:2:      kiku_gazebo_garden_becter, serial_forest, infiniplex_forest_diagonal,
          infiniplex_forest_straight_3, infiniplex_forest_lined_room_,
          infiniplex_forest_side_room, infiniplex_forest_side_room,
          guppyfry_early_lair_pool

Skill      XL: |  1  2  3 |
---------------+----------+-----
Stealth        | 4 5 6 |  6.0
Dodging        | |  1.5
Spellcasting   | |  2.0
Conjurations   | |  1.0
Ice Magic      | |  3.0

Action                   || total
-------------------------++-------
Melee: Unarmed           ||    16
       Club              ||     8
       Spear             ||    14
 Cast: Freeze            ||    44
       Ozocubu's Armour  ||     1
  Use: Potion            ||     2
       Scroll            ||     1
 Stab: Sleeping          ||     5
  Eat: Chunk             ||     1
Armor: Robe              ||    23
Dodge: Dodged            ||    42

Table legend:
 A = Non-vault XP
 B = Vault XP
 C = Vault XP percentage of total XP
 D = Non-vault monster count
 E = Vault monster count
 F = Vault count percentage of total count
                 A         B        C        D         E       F
            +---------+---------+-------+---------+---------+-------
      Total |      58 |       0 |   0.0 |      30 |       0 |   0.0
            +---------+---------+-------+---------+---------+-------
        D:1 |      52 |       0 |   0.0 |      27 |       0 |   0.0
        D:2 |       6 |       0 |   0.0 |       3 |       0 |   0.0
            +---------+---------+-------+---------+---------+-------
